 Dungeon Crawl Stone Soup version 0.17-a0-1572-g7a1422d (webtiles) character file.

961 karlkraus the Covered (level 7, -9/93 HPs)
             Began as a Minotaur Fighter on July 25, 2015.
             Killed by divine providence
             ... invoked by an orc priest
              (13 damage)
             ... on level 5 of the Dungeon.
             The game lasted 00:16:08 (4238 turns).

karlkraus the Covered (Minotaur Fighter)            Turns: 4238, Time: 00:16:10

Health: -9/93      AC: 23    Str: 23    XL:     7   Next: 92%
Magic:  6/6        EV:  2    Int:  5    God:
Gold:   234        SH:  0    Dex:  9    Spells: 0 memorised, 6 levels left

rFire  . . .     SeeInvis +     z - +0 flail
rCold  . . .     Clarity  .     (armour currently unavailable)
rNeg   + + +     SustAt   .     (no shield)
rPois  +         Gourm    .     (helmet currently unavailable)
rElec  .         Spirit   .     (cloak currently unavailable)
rCorr  .         Warding  .     (gloves currently unavailable)
rMut   .         NoTele   +     (boots currently unavailable)
MR     .....                    (no amulet)
Stlth  +.........               i - ring of see invisible
                                (no ring)

@: tree-form, not resistant to hostile enchantments, very unstealthy
A: (retaliatory headbutt), (horns 0)
a: no special abilities


You were on level 5 of the Dungeon.
You were not hungry.
You were a tree.
You visited 1 branch of the dungeon, and saw 6 of its levels.

You collected 234 gold pieces.

Inventory:

Hand weapons
 a - a +0 blowgun
 z - a +0 flail (weapon)
Missiles
 m - 19 poisoned needles
 A - 2 needles of sleeping
Armour
 c - a +0 shield
 n - a +1 scale mail of magic resistance (melded)
Jewellery
 b - an uncursed amulet of faith {unknown}
 i - a ring of see invisible (right branch)
Magical devices
 r - a wand of fireball (3)
Scrolls
 h - 2 scrolls of magic mapping {unknown}
 j - a scroll of noise {unknown}
 k - 2 scrolls of remove curse
 s - a scroll of teleportation {unknown}
 x - a scroll of fog {unknown}
 y - 2 scrolls of amnesia {unknown}
 B - a scroll of fear {unknown}
 C - a scroll of enchant weapon {unknown}
Potions
 d - a potion of might
 f - 2 potions of haste
 g - a potion of magic
 l - a potion of resistance {unknown}
 t - a potion of lignification
 v - 2 potions of curing
 w - a potion of agility
Comestibles
 e - 4 bread rations
 o - a slice of pizza
 p - 2 meat rations
 q - 13 fruits


   Skills:
 + Level 5.9 Fighting
 + Level 5.3 Maces & Flails
 + Level 6.6 Armour
 + Level 3.7 Dodging
 + Level 0.8 Stealth
 + Level 5.7 Shields


You had 6 spell levels left.
You didn't know any spells.

Dungeon Overview and Level Annotations

Branches:
Dungeon (6/15)             Temple (0/1) D:5

Altars:
Ashenzari
Fedhas
Nemelex Xobeh
Ru
Yredelemnul
The Shining One


Innate Abilities, Weirdness & Mutations

((You reflexively headbutt those who attack you in melee.))
((You have a pair of horns on your head.))


Message History

You are too injured to fight recklessly!
You are too injured to fight recklessly!
You are too injured to fight recklessly!
You sock the orc priest!
The orc priest is almost dead.
The orc priest hits you but does no damage.
You hit the orc priest but do no damage.
The orc priest is almost dead.
The orc priest hits you but does no damage.
You closely miss the orc priest.
The orc priest is almost dead.
The orc priest casts a cantrip, but nothing happens.
You closely miss the orc priest.
The orc priest is almost dead.
The orc priest mumbles some strange prayers to Beogh against you.
Something smites you!
* * * LOW HITPOINT WARNING * * *
The orc priest calls down the wrath of Beogh upon you.
Something smites you!
You die...

#######.##+####..⌠.>
##..####o##.#####....
#.....#.............⌠
#.....)...o........†.
#.....#..............
#...†.#..............
##.....#.......Z.>....
#...o)###....##'######
#####♣#####'###..#####
#..............o....
#..............o....
##..#......####..###
######..[.####..###
#..............
#............†.
######............#
##...##......##....#


You could see an orc priest.

Vanquished Creatures
  The ghost of karlkraus the Shield-Bearer, an experienced MiFi (D:5)
  An ogre (D:4)
  Blork the orc (D:4)
  A crimson imp (D:5)
  A giant frog zombie (D:5)
  An orc priest (D:5)
  2 hounds (D:4)
  An orc wizard (D:5)
  2 worker ants (D:4)
  5 gnolls
  4 river rats (D:2)
  A shadow imp (D:5)
  5 adders
  2 oozes
  3 worms
  An adder skeleton (D:5)
  3 giant geckos
  6 orcs
  12 bats
  3 giant cockroaches
  10 goblins
  15 hobgoblins
  14 jackals
  2 quokkas
  A ball python (D:1)
  A giant cockroach zombie (D:5)
  5 giant newts
  13 kobolds
  A quokka skeleton (D:4)
  17 rats
135 creatures vanquished.

Vanquished Creatures (others)
  A plant (D:2)
1 creature vanquished.

Grand Total: 136 creatures vanquished

Notes
Turn   | Place    | Note
--------------------------------------------------------------
     0 | D:1      | karlkraus the Minotaur Fighter began the quest for the Orb.
     0 | D:1      | Reached XP level 1. HP: 19/19 MP: 0/0
    62 | D:1      | Found a sparkling altar of Nemelex Xobeh.
   173 | D:1      | You fall through a shaft!
   221 | D:2      | Reached XP level 2. HP: 22/27 MP: 1/1
   275 | D:2      | Found a basalt altar of Yredelemnul.
   294 | D:2      | Reached skill level 4 in Shields
   471 | D:2      | Reached XP level 3. HP: 28/33 MP: 2/2
   706 | D:2      | Reached XP level 4. HP: 41/41 MP: 3/3
   922 | D:2      | Reached skill level 1 in Dodging
  1144 | D:2      | Found a glowing golden altar of the Shining One.
  1235 | D:2      | Noticed an angel
  1321 | D:1      | Reached skill level 5 in Shields
  1667 | D:1      | Reached XP level 5. HP: 44/47 MP: 4/4
  2483 | D:4      | Found a shattered altar of Ashenzari.
  2486 | D:4      | Found a blossoming altar of Fedhas.
  2494 | D:4      | Found a sacrificial altar of Ru.
  2595 | D:4      | Noticed an ogre
  2600 | D:4      | Killed an ogre
  2600 | D:4      | Reached skill level 5 in Fighting
  2600 | D:4      | Reached XP level 6. HP: 51/56 MP: 5/5
  2788 | D:4      | Noticed Blork the orc
  2797 | D:4      | Killed Blork the orc
  3293 | D:4      | Reached skill level 5 in Armour
  3751 | D:5      | Entered Level 5 of the Dungeon
  3846 | D:5      | Found a staircase to the Ecumenical Temple.
  3933 | D:6      | Reached XP level 7. HP: 31/61 MP: 6/6
  4134 | D:5      | Noticed karlkraus's ghost (experienced MiFi)
  4176 | D:5      | Killed karlkraus's ghost
  4176 | D:5      | Reached skill level 5 in Maces & Flails
  4176 | D:5      | Reached skill level 6 in Armour
  4238 | D:5      | HP: 4/93 [orc priest/divine providence (13)]
  4238 | D:5      | Killed from afar by an orc priest

Vault maps used:
D:1:      scummos_arrival_simple_crosswalls,
          hangedman_abyss_or_decor_lesser_grid, roderic_three_in_a_row,
          nemelex_diamond_rough_becter
D:2:      wad_woods_tower, grunt_temple_overflow_holy_war
D:3:      first_bread
D:4:      grunt_temple_overflow_open, kennysheep_generic_room_13,
          uniq_blork_the_orc
D:5:      temple_fountains, basic_altar
D:6:      nicolae_overflow_hidden_temple, lemuel_doored_altar, basic_altar,
          uniq_pikel

Action                   |  1- 3 |  4- 6 |  7- 9 || total
-------------------------+-------+-------+-------++-------
Melee: Flail             |    86 |   214 |    49 ||   349
Evoke: Wand              |       |       |     1 ||     1
  Use: Scroll            |       |     8 |       ||     8
       Potion            |       |       |     2 ||     2
  Eat: Chunk             |       |     9 |       ||     9
       Fruit             |       |     1 |       ||     1
       Beef jerky        |       |       |     1 ||     1
